Senators vs Flames

Created - January 5 2007 at 17:56

Goals
1 2 3 T
Senators 0 0 1 1
Flames 0 2 0 2
Shots
1 2 3 T
Senators 10 7 6 23
Flames 11 14 13 38

Period #1

No Goal

Penalities :
Jaroslav Modry (CGY) for Tripping (Minor) at 0:15, Tony Amonte (CGY) for Interference (Minor) at 14:17, Craig Conroy (CGY) for High sticking (Minor) at 16:40

Period #2

1. Flames , Alex Tanguay 10 (Jaroslav Modry, Craig Conroy) at 0:07
2. Flames , Daymond Langkow 9 (Jarome Iginla, Andrei Zyuzin) at 1:16 (PP)

Penalities :
Mike Fisher (OTT) for Clipping (Minor) at 0:18, Mike Fisher (OTT) for Boarding (Minor) at 6:17, Brent Seabrook (OTT) for High sticking (Minor) at 11:30, Dany Heatley (OTT) for Kneeing (Major) at 16:45

Period #3

3. Senators , Andrej Meszaros 3 (Jason Spezza, Joffrey Lupul) at 8:15

Penalities :
Andrej Meszaros (OTT) for Kneeing (Major) at 13:47

Goalie Stats

Martin Gerber (OTT), 36 saves from 38 shots - (0.947), L, 8-3-1, 60:00 minutes
Curtis Sanford (CGY), 22 saves from 23 shots - (0.957), W, 1-1-0, 60:00 minutes

Players Stats

Senators
Player Name              G  A  P  +/- PIM S  H  SB FO MP 
-----------------------------------------------------------
Andrej Meszaros          1  0  1   0  5   1  2  2  0  23 
Antoine Vermette         0  0  0   0  0   1  0  0  22 23 
Anton Volchenkov         0  0  0   0  0   0  0  1  0  8  
Brent Seabrook           0  0  0   0  2   0  0  2  0  15 
Chris Kelly              0  0  0   0  0   0  0  0  1  7  
Chris Neil               0  0  0   0  0   0  1  1  1  15 
Chris Phillips           0  0  0   0  0   1  0  1  0  16 
Dany Heatley             0  0  0   0  5   2  1  0  14 24 
Jason Spezza             0  1  1   0  0   3  0  0  31 22 
Joe Corvo                0  0  0   0  0   0  0  3  0  18 
Joffrey Lupul            0  1  1   0  0   0  1  0  4  19 
Marc-Andre Bergeron      0  0  0   0  0   0  0  1  0  4  
Mike Cammalleri          0  0  0   0  0   9  0  0  3  21 
Mike Fisher              0  0  0   0  4   1  2  1  2  22 
Peter Schaefer           0  0  0   0  0   4  0  1  9  25 
Tom Preissing            0  0  0   1  0   0  0  1  0  16 
Vaclav Varada            0  0  0   0  0   0  0  0  0  3  
Wade Redden              0  0  0  -1  0   1  2  0  0  24 
Flames
Player Name              G  A  P  +/- PIM S  H  SB FO MP 
-----------------------------------------------------------
Alex Tanguay             1  0  1   0  0   1  0  0  0  20 
Andrei Zyuzin            0  1  1   0  0   1  0  0  0  23 
Andrew Ference           0  0  0   0  0   1  0  0  0  24 
Bill Guerin              0  0  0   0  0   2  1  0  2  19 
Brian Willsie            0  0  0   0  0   1  0  0  0  10 
Bryan Marchment          0  0  0   0  0   0  0  0  0  3  
Chuck Kobasew            0  0  0   0  0   1  2  0  1  10 
Craig Conroy             0  1  1   0  2   3  0  2  20 23 
Daymond Langkow          1  0  1   0  0   4  0  0  32 23 
Jarome Iginla            0  1  1   0  0   7  0  0  1  21 
Jaroslav Modry           0  1  1   0  2   0  0  1  0  25 
Joe Nieuwendyk           0  0  0   0  0   4  0  0  16 17 
Jussi Jokinen            0  0  0   0  0   3  0  0  0  11 
Kristian Huselius        0  0  0   0  0   2  0  0  0  14 
Matthew Lombardi         0  0  0   0  0   4  0  0  14 10 
Rhett Warrener           0  0  0   0  0   1  0  1  0  18 
Robyn Regehr             0  0  0   0  0   0  2  0  0  25 
Tony Amonte              0  0  0   0  2   3  0  0  1  16 

3 Stars

1 - Curtis Sanford (CGY)
2 - Martin Gerber (OTT)
3 - Andrej Meszaros (OTT)

Power Play

Senators - 0 on 3 Attempt(s) - 0.00%
Flames - 1 on 5 Attempt(s) - 20.00%

Penalty Kill

Senators - 4 on 5 Attempt(s) - 80.00% - Score 0 goal in Penalty Kill
Flames - 3 on 3 Attempt(s) - 100.00% - Score 0 goal in Penalty Kill

Game Notes

Marc-Andre Bergeron is injured at 7:12 of 1st period (Wrist)

Finance

Level 1 -- Attendance: 6500 (100.00%) -- Ticket Income $585,000.00
Level 2 -- Attendance: 4894 (88.97%) -- Ticket Income $269,170.00
Level 3 -- Attendance: 2785 (100.00%) -- Ticket Income $83,550.00
Level 4 -- Attendance: 3458 (86.45%) -- Ticket Income $69,160.00
Luxury Box -- Attendance: 1182 (94.56%) -- Ticket Income $141,840.00
Game was played at the Pengrowth Saddledome
Total Attendance: 18819 (93.93%)
Total Ticket Income: $1,182,916.00
Other Expense: $110,499.20
Total Income: $1,072,417.00


Play by Play

Period #1

0:01 of 1st period - Craig Conroy wins face-off versus Jason Spezza in neutral zone.
0:15 of 1st period - Minor Penalty to Jaroslav Modry for Tripping.
0:16 of 1st period - Daymond Langkow wins face-off versus Antoine Vermette in neutral zone.
0:51 of 1st period - Shot by Antoine Vermette.
0:51 of 1st period - Shot Misses the Net.
0:52 of 1st period - Shot by Mike Cammalleri.
0:52 of 1st period - Shot Misses the Net.
0:57 of 1st period - Shot by Mike Cammalleri.
0:57 of 1st period - Shot Misses the Net.
2:19 of 1st period - Off-side.
2:20 of 1st period - Antoine Vermette wins face-off versus Joe Nieuwendyk in neutral zone.
2:45 of 1st period - Shot by Bill Guerin.
2:45 of 1st period - Shot Misses the Net.
3:55 of 1st period - Off-side.
3:56 of 1st period - Matthew Lombardi wins face-off versus Jason Spezza in neutral zone.
3:56 of 1st period - Brian Willsie is hit by Dany Heatley and loses puck.
4:24 of 1st period - Shot by Tony Amonte.
4:24 of 1st period - Stopped by Martin Gerber without a rebound.
4:25 of 1st period - Dany Heatley wins face-off versus Craig Conroy in Senators zone.
4:27 of 1st period - Icing by Peter Schaefer.
4:28 of 1st period - Dany Heatley wins face-off versus Craig Conroy in Senators zone.
5:37 of 1st period - Shot by Mike Fisher.
5:37 of 1st period - Stopped by Curtis Sanford with a rebound.
5:40 of 1st period - Shot by Mike Cammalleri.
5:40 of 1st period - Stopped by Curtis Sanford without a rebound.
5:41 of 1st period - Jason Spezza wins face-off versus Matthew Lombardi in Flames zone.
6:02 of 1st period - Shot by Jason Spezza.
6:02 of 1st period - Stopped by Curtis Sanford without a rebound.
6:03 of 1st period - Antoine Vermette wins face-off versus Matthew Lombardi in Flames zone.
6:20 of 1st period - Shot by Brian Willsie.
6:20 of 1st period - Shot Misses the Net.
6:21 of 1st period - Shot by Daymond Langkow.
6:21 of 1st period - Shot Misses the Net.
6:24 of 1st period - Shot by Brian Willsie.
6:24 of 1st period - Shot Misses the Net.
6:27 of 1st period - Shot by Matthew Lombardi.
6:27 of 1st period - Stopped by Martin Gerber without a rebound.
6:28 of 1st period - Jason Spezza wins face-off versus Joe Nieuwendyk in Senators zone.
6:43 of 1st period - Shot by Joffrey Lupul.
6:43 of 1st period - Shot Misses the Net.
6:46 of 1st period - Shot by Jason Spezza.
6:46 of 1st period - Stopped by Curtis Sanford without a rebound.
6:47 of 1st period - Daymond Langkow wins face-off versus Jason Spezza in Flames zone.
7:06 of 1st period - Shot by Jussi Jokinen.
7:06 of 1st period - Shot Blocked by Brent Seabrook.
7:07 of 1st period - Shot by Jarome Iginla.
7:07 of 1st period - Stopped by Martin Gerber without a rebound.
7:08 of 1st period - Matthew Lombardi wins face-off versus Mike Cammalleri in Senators zone.
7:11 of 1st period - Shot by Brian Willsie.
7:11 of 1st period - Shot Misses the Net.
7:12 of 1st period - Shot by Robyn Regehr.
7:12 of 1st period - Shot Blocked by Marc-Andre Bergeron.
7:12 of 1st period - Marc-Andre Bergeron from Senators is injured at 7:12 of 1st period (Wrist).
7:13 of 1st period - Joffrey Lupul wins face-off versus Chuck Kobasew in Senators zone.
7:25 of 1st period - Chuck Kobasew is hit by Joffrey Lupul and loses puck.
7:44 of 1st period - Wade Redden is hit by Robyn Regehr and loses puck.
7:52 of 1st period - Shot by Mike Cammalleri.
7:52 of 1st period - Stopped by Curtis Sanford without a rebound.
7:53 of 1st period - Daymond Langkow wins face-off versus Antoine Vermette in Flames zone.
7:58 of 1st period - Shot by Andrei Zyuzin.
7:58 of 1st period - Shot Blocked by Andrej Meszaros.
8:46 of 1st period - Icing by Rhett Warrener.
8:47 of 1st period - Dany Heatley wins face-off versus Joe Nieuwendyk in Flames zone.
8:48 of 1st period - Shot by Peter Schaefer.
8:48 of 1st period - Shot Misses the Net.
8:49 of 1st period - Shot by Joe Corvo.
8:49 of 1st period - Shot Misses the Net.
9:00 of 1st period - Shot by Kristian Huselius.
9:00 of 1st period - Shot Blocked by Peter Schaefer.
9:05 of 1st period - Shot by Bill Guerin.
9:05 of 1st period - Stopped by Martin Gerber without a rebound.
9:06 of 1st period - Jason Spezza wins face-off versus Matthew Lombardi in Senators zone.
9:26 of 1st period - Icing by Jason Spezza.
9:27 of 1st period - Jason Spezza wins face-off versus Daymond Langkow in Senators zone.
9:58 of 1st period - Shot by Daymond Langkow.
9:58 of 1st period - Shot Misses the Net.
10:27 of 1st period - Shot by Chuck Kobasew.
10:27 of 1st period - Stopped by Martin Gerber without a rebound.
10:28 of 1st period - Antoine Vermette wins face-off versus Joe Nieuwendyk in Senators zone.
10:47 of 1st period - Shot by Mike Cammalleri.
10:47 of 1st period - Stopped by Curtis Sanford without a rebound.
10:48 of 1st period - Matthew Lombardi wins face-off versus Chris Neil in Flames zone.
10:57 of 1st period - Shot by Brian Willsie.
10:57 of 1st period - Stopped by Martin Gerber without a rebound.
10:58 of 1st period - Daymond Langkow wins face-off versus Dany Heatley in Senators zone.
11:05 of 1st period - Shot by Daymond Langkow.
11:05 of 1st period - Shot Blocked by Joe Corvo.
11:08 of 1st period - Shot by Jarome Iginla.
11:08 of 1st period - Shot Blocked by Joe Corvo.
11:09 of 1st period - Shot by Andrei Zyuzin.
11:09 of 1st period - Shot Hit the Post.
11:10 of 1st period - Shot by Andrei Zyuzin.
11:10 of 1st period - Stopped by Martin Gerber without a rebound.
11:11 of 1st period - Joe Nieuwendyk wins face-off versus Antoine Vermette in Senators zone.
11:32 of 1st period - Shot by Mike Cammalleri.
11:32 of 1st period - Shot Misses the Net.
11:33 of 1st period - Shot by Chris Phillips.
11:33 of 1st period - Stopped by Curtis Sanford without a rebound.
11:34 of 1st period - Craig Conroy wins face-off versus Dany Heatley in Flames zone.
11:51 of 1st period - Shot by Dany Heatley.
11:51 of 1st period - Shot Misses the Net.
12:10 of 1st period - Shot by Peter Schaefer.
12:10 of 1st period - Stopped by Curtis Sanford without a rebound.
12:11 of 1st period - Jason Spezza wins face-off versus Joe Nieuwendyk in Flames zone.
12:23 of 1st period - Icing by Joe Nieuwendyk.
12:24 of 1st period - Joe Nieuwendyk wins face-off versus Antoine Vermette in Flames zone.
12:41 of 1st period - Shot by Mike Cammalleri.
12:41 of 1st period - Shot Blocked by Rhett Warrener.
13:26 of 1st period - Shot by Matthew Lombardi.
13:26 of 1st period - Shot Misses the Net.
13:37 of 1st period - Shot by Matthew Lombardi.
13:37 of 1st period - Stopped by Martin Gerber without a rebound.
13:38 of 1st period - Jason Spezza wins face-off versus Daymond Langkow in Senators zone.
14:15 of 1st period - Shot by Jussi Jokinen.
14:15 of 1st period - Stopped by Martin Gerber with a rebound.
14:16 of 1st period - Shot by Andrew Ference.
14:16 of 1st period - Stopped by Martin Gerber without a rebound.
14:17 of 1st period - Antoine Vermette wins face-off versus Matthew Lombardi in Senators zone.
14:17 of 1st period - Minor Penalty to Tony Amonte for Interference.
14:18 of 1st period - Peter Schaefer wins face-off versus Craig Conroy in Senators zone.
14:29 of 1st period - Shot by Mike Cammalleri.
14:29 of 1st period - Stopped by Curtis Sanford without a rebound.
14:30 of 1st period - Antoine Vermette wins face-off versus Daymond Langkow in Flames zone.
15:28 of 1st period - Icing by Wade Redden.
15:29 of 1st period - Jason Spezza wins face-off versus Daymond Langkow in Senators zone.
15:37 of 1st period - Icing by Tom Preissing.
15:38 of 1st period - Jason Spezza wins face-off versus Craig Conroy in Senators zone.
15:56 of 1st period - Icing by Andrej Meszaros.
15:57 of 1st period - Antoine Vermette wins face-off versus Daymond Langkow in Senators zone.
16:06 of 1st period - Shot by Mike Cammalleri.
16:06 of 1st period - Shot Misses the Net.
16:25 of 1st period - Shot by Craig Conroy.
16:25 of 1st period - Shot Blocked by Joe Corvo.
16:26 of 1st period - Shot by Rhett Warrener.
16:26 of 1st period - Shot Misses the Net.
16:31 of 1st period - Shot by Kristian Huselius.
16:31 of 1st period - Shot Misses the Net.
16:32 of 1st period - Shot by Rhett Warrener.
16:32 of 1st period - Shot Misses the Net.
16:40 of 1st period - Minor Penalty to Craig Conroy for High sticking.
16:41 of 1st period - Daymond Langkow wins face-off versus Jason Spezza in Senators zone.
17:59 of 1st period - Icing by Wade Redden.
18:00 of 1st period - Joe Nieuwendyk wins face-off versus Jason Spezza in Senators zone.
19:33 of 1st period - Shot by Kristian Huselius.
19:33 of 1st period - Shot Misses the Net.
19:34 of 1st period - Shot by Rhett Warrener.
19:34 of 1st period - Stopped by Martin Gerber with a rebound.
19:47 of 1st period - Shot by Antoine Vermette.
19:47 of 1st period - Stopped by Curtis Sanford with a rebound.

Period #2

0:01 of 2nd period - Craig Conroy wins face-off versus Jason Spezza in neutral zone.
0:03 of 2nd period - Jaroslav Modry is hit by Wade Redden and loses puck.
0:07 of 2nd period - Shot by Alex Tanguay.
0:07 of 2nd period - Goal by Alex Tanguay.
0:08 of 2nd period - Antoine Vermette wins face-off versus Daymond Langkow in neutral zone.
0:18 of 2nd period - Minor Penalty to Mike Fisher for Clipping.
0:19 of 2nd period - Jason Spezza wins face-off versus Craig Conroy in Senators zone.
0:38 of 2nd period - Shot by Bill Guerin.
0:38 of 2nd period - Stopped by Martin Gerber without a rebound.
0:39 of 2nd period - Jason Spezza wins face-off versus Daymond Langkow in Senators zone.
1:16 of 2nd period - Shot by Daymond Langkow.
1:16 of 2nd period - Goal by Daymond Langkow.
1:17 of 2nd period - Craig Conroy wins face-off versus Antoine Vermette in neutral zone.
1:46 of 2nd period - Shot by Craig Conroy.
1:46 of 2nd period - Shot Blocked by Chris Phillips.
1:47 of 2nd period - Shot by Alex Tanguay.
1:47 of 2nd period - Shot Misses the Net.
1:52 of 2nd period - Shot by Alex Tanguay.
1:52 of 2nd period - Shot Blocked by Mike Fisher.
3:39 of 2nd period - Shot by Mike Cammalleri.
3:39 of 2nd period - Shot Misses the Net.
3:44 of 2nd period - Shot by Mike Cammalleri.
3:44 of 2nd period - Stopped by Curtis Sanford without a rebound.
3:45 of 2nd period - Daymond Langkow wins face-off versus Joffrey Lupul in Flames zone.
4:08 of 2nd period - Shot by Jarome Iginla.
4:08 of 2nd period - Shot Misses the Net.
4:13 of 2nd period - Shot by Mike Fisher.
4:13 of 2nd period - Stopped by Curtis Sanford without a rebound.
4:14 of 2nd period - Matthew Lombardi wins face-off versus Antoine Vermette in Flames zone.
4:16 of 2nd period - Icing by Brian Willsie.
4:17 of 2nd period - Dany Heatley wins face-off versus Matthew Lombardi in Flames zone.
4:20 of 2nd period - Shot by Peter Schaefer.
4:20 of 2nd period - Stopped by Curtis Sanford without a rebound.
4:21 of 2nd period - Matthew Lombardi wins face-off versus Mike Cammalleri in Flames zone.
4:23 of 2nd period - Jaroslav Modry is hit by Mike Fisher and loses puck.
4:31 of 2nd period - Shot by Tony Amonte.
4:31 of 2nd period - Stopped by Martin Gerber without a rebound.
4:32 of 2nd period - Daymond Langkow wins face-off versus Peter Schaefer in Senators zone.
4:34 of 2nd period - Jarome Iginla is hit by Chris Neil and loses puck.
5:15 of 2nd period - Off-side.
5:16 of 2nd period - Craig Conroy wins face-off versus Antoine Vermette in neutral zone.
5:30 of 2nd period - Mike Cammalleri is hit by Chuck Kobasew and loses puck.
5:34 of 2nd period - Shot by Mike Cammalleri.
5:34 of 2nd period - Stopped by Curtis Sanford without a rebound.
5:35 of 2nd period - Matthew Lombardi wins face-off versus Jason Spezza in Flames zone.
6:17 of 2nd period - Minor Penalty to Mike Fisher for Boarding.
6:18 of 2nd period - Daymond Langkow wins face-off versus Jason Spezza in Senators zone.
7:55 of 2nd period - Shot by Daymond Langkow.
7:55 of 2nd period - Stopped by Martin Gerber without a rebound.
7:56 of 2nd period - Daymond Langkow wins face-off versus Jason Spezza in Senators zone.
8:11 of 2nd period - Shot by Jarome Iginla.
8:11 of 2nd period - Stopped by Martin Gerber without a rebound.
8:12 of 2nd period - Craig Conroy wins face-off versus Antoine Vermette in Senators zone.
8:30 of 2nd period - Kristian Huselius is hit by Andrej Meszaros and loses puck.
10:35 of 2nd period - Icing by Wade Redden.
10:36 of 2nd period - Joe Nieuwendyk wins face-off versus Mike Cammalleri in Senators zone.
10:36 of 2nd period - Kristian Huselius is hit by Wade Redden and loses puck.
11:08 of 2nd period - Shot by Kristian Huselius.
11:08 of 2nd period - Stopped by Martin Gerber with a rebound.
11:09 of 2nd period - Shot by Rhett Warrener.
11:09 of 2nd period - Stopped by Martin Gerber without a rebound.
11:10 of 2nd period - Daymond Langkow wins face-off versus Dany Heatley in Senators zone.
11:30 of 2nd period - Minor Penalty to Brent Seabrook for High sticking.
11:31 of 2nd period - Daymond Langkow wins face-off versus Jason Spezza in Senators zone.
11:44 of 2nd period - Shot by Tony Amonte.
11:44 of 2nd period - Shot Blocked by Tom Preissing.
11:47 of 2nd period - Shot by Joe Nieuwendyk.
11:47 of 2nd period - Stopped by Martin Gerber without a rebound.
11:48 of 2nd period - Peter Schaefer wins face-off versus Tony Amonte in Senators zone.
12:03 of 2nd period - Shot by Jarome Iginla.
12:03 of 2nd period - Shot Blocked by Anton Volchenkov.
12:08 of 2nd period - Shot by Daymond Langkow.
12:08 of 2nd period - Stopped by Martin Gerber without a rebound.
12:09 of 2nd period - Craig Conroy wins face-off versus Peter Schaefer in Senators zone.
13:10 of 2nd period - Shot by Jarome Iginla.
13:10 of 2nd period - Shot Misses the Net.
13:11 of 2nd period - Shot by Jarome Iginla.
13:11 of 2nd period - Stopped by Martin Gerber without a rebound.
13:12 of 2nd period - Craig Conroy wins face-off versus Antoine Vermette in Senators zone.
13:27 of 2nd period - Shot by Bill Guerin.
13:27 of 2nd period - Shot Misses the Net.
13:28 of 2nd period - Shot by Craig Conroy.
13:28 of 2nd period - Stopped by Martin Gerber without a rebound.
13:29 of 2nd period - Jason Spezza wins face-off versus Joe Nieuwendyk in Senators zone.
14:40 of 2nd period - Shot by Dany Heatley.
14:40 of 2nd period - Stopped by Curtis Sanford without a rebound.
14:41 of 2nd period - Chris Kelly wins face-off versus Daymond Langkow in Flames zone.
14:50 of 2nd period - Shot by Jarome Iginla.
14:50 of 2nd period - Shot Misses the Net.
14:55 of 2nd period - Shot by Craig Conroy.
14:55 of 2nd period - Shot Blocked by Brent Seabrook.
15:14 of 2nd period - Shot by Jussi Jokinen.
15:14 of 2nd period - Stopped by Martin Gerber without a rebound.
15:15 of 2nd period - Antoine Vermette wins face-off versus Matthew Lombardi in Senators zone.
15:41 of 2nd period - Icing by Chris Phillips.
15:42 of 2nd period - Antoine Vermette wins face-off versus Bill Guerin in Senators zone.
16:09 of 2nd period - Shot by Dany Heatley.
16:09 of 2nd period - Shot Misses the Net.
16:12 of 2nd period - Shot by Dany Heatley.
16:12 of 2nd period - Stopped by Curtis Sanford without a rebound.
16:13 of 2nd period - Dany Heatley wins face-off versus Craig Conroy in Flames zone.
16:32 of 2nd period - Shot by Peter Schaefer.
16:32 of 2nd period - Stopped by Curtis Sanford without a rebound.
16:33 of 2nd period - Jason Spezza wins face-off versus Daymond Langkow in Flames zone.
16:39 of 2nd period - Icing by Andrew Ference.
16:40 of 2nd period - Daymond Langkow wins face-off versus Joffrey Lupul in Flames zone.
16:40 of 2nd period - Jussi Jokinen is hit by Andrej Meszaros and loses puck.
16:45 of 2nd period - Major Penalty to Dany Heatley for Kneeing.
16:46 of 2nd period - Daymond Langkow wins face-off versus Jason Spezza in Senators zone.
17:56 of 2nd period - Icing by Jaroslav Modry.
17:57 of 2nd period - Jason Spezza wins face-off versus Joe Nieuwendyk in Flames zone.
17:57 of 2nd period - Tom Preissing is hit by Bill Guerin and loses puck.
18:49 of 2nd period - Shot by Tony Amonte.
18:49 of 2nd period - Shot Misses the Net.
18:50 of 2nd period - Shot by Tony Amonte.
18:50 of 2nd period - Stopped by Martin Gerber without a rebound.
18:51 of 2nd period - Daymond Langkow wins face-off versus Jason Spezza in Senators zone.
18:56 of 2nd period - Shot by Jarome Iginla.
18:56 of 2nd period - Shot Misses the Net.
19:14 of 2nd period - Off-side.
19:15 of 2nd period - Craig Conroy wins face-off versus Peter Schaefer in neutral zone.

Period #3

0:01 of 3rd period - Craig Conroy wins face-off versus Peter Schaefer in neutral zone.
0:59 of 3rd period - Off-side.
1:00 of 3rd period - Peter Schaefer wins face-off versus Daymond Langkow in neutral zone.
1:22 of 3rd period - Icing by Andrei Zyuzin.
1:23 of 3rd period - Daymond Langkow wins face-off versus Jason Spezza in Flames zone.
1:38 of 3rd period - Shot by Jarome Iginla.
1:38 of 3rd period - Stopped by Martin Gerber with a rebound.
1:41 of 3rd period - Shot by Daymond Langkow.
1:41 of 3rd period - Stopped by Martin Gerber with a rebound.
1:42 of 3rd period - Shot by Andrei Zyuzin.
1:42 of 3rd period - Shot Misses the Net.
1:45 of 3rd period - Shot by Tony Amonte.
1:45 of 3rd period - Shot Blocked by Chris Neil.
1:47 of 3rd period - Icing by Brent Seabrook.
1:48 of 3rd period - Dany Heatley wins face-off versus Craig Conroy in Senators zone.
2:43 of 3rd period - Shot by Mike Fisher.
2:43 of 3rd period - Shot Blocked by Jaroslav Modry.
2:46 of 3rd period - Shot by Antoine Vermette.
2:46 of 3rd period - Shot Hit the Post.
2:49 of 3rd period - Shot by Mike Fisher.
2:49 of 3rd period - Shot Misses the Net.
2:50 of 3rd period - Shot by Wade Redden.
2:50 of 3rd period - Stopped by Curtis Sanford without a rebound.
2:51 of 3rd period - Bill Guerin wins face-off versus Mike Fisher in Flames zone.
3:00 of 3rd period - Shot by Joe Nieuwendyk.
3:00 of 3rd period - Stopped by Martin Gerber without a rebound.
3:01 of 3rd period - Daymond Langkow wins face-off versus Dany Heatley in Senators zone.
3:04 of 3rd period - Shot by Jarome Iginla.
3:04 of 3rd period - Stopped by Martin Gerber without a rebound.
3:05 of 3rd period - Antoine Vermette wins face-off versus Daymond Langkow in Senators zone.
3:22 of 3rd period - Shot by Jussi Jokinen.
3:22 of 3rd period - Stopped by Martin Gerber without a rebound.
3:23 of 3rd period - Joe Nieuwendyk wins face-off versus Jason Spezza in Senators zone.
4:38 of 3rd period - Shot by Matthew Lombardi.
4:38 of 3rd period - Stopped by Martin Gerber without a rebound.
4:39 of 3rd period - Antoine Vermette wins face-off versus Daymond Langkow in Senators zone.
4:52 of 3rd period - Shot by Mike Fisher.
4:52 of 3rd period - Shot Blocked by Craig Conroy.
4:57 of 3rd period - Shot by Jussi Jokinen.
4:57 of 3rd period - Shot Misses the Net.
4:58 of 3rd period - Shot by Craig Conroy.
4:58 of 3rd period - Stopped by Martin Gerber with a rebound.
4:59 of 3rd period - Shot by Craig Conroy.
4:59 of 3rd period - Stopped by Martin Gerber without a rebound.
5:00 of 3rd period - Antoine Vermette wins face-off versus Joe Nieuwendyk in Senators zone.
6:05 of 3rd period - Shot by Mike Fisher.
6:05 of 3rd period - Stopped by Curtis Sanford without a rebound.
6:06 of 3rd period - Daymond Langkow wins face-off versus Joffrey Lupul in Flames zone.
6:41 of 3rd period - Shot by Jarome Iginla.
6:41 of 3rd period - Shot Blocked by Andrej Meszaros.
7:27 of 3rd period - Icing by Robyn Regehr.
7:28 of 3rd period - Craig Conroy wins face-off versus Mike Fisher in Flames zone.
8:06 of 3rd period - Tom Preissing is hit by Robyn Regehr and loses puck.
8:14 of 3rd period - Shot by Jason Spezza.
8:14 of 3rd period - Shot Misses the Net.
8:15 of 3rd period - Shot by Andrej Meszaros.
8:15 of 3rd period - Goal by Andrej Meszaros.
8:16 of 3rd period - Joe Nieuwendyk wins face-off versus Dany Heatley in neutral zone.
8:23 of 3rd period - Shot by Kristian Huselius.
8:23 of 3rd period - Stopped by Martin Gerber without a rebound.
8:24 of 3rd period - Joe Nieuwendyk wins face-off versus Dany Heatley in Senators zone.
8:39 of 3rd period - Shot by Kristian Huselius.
8:39 of 3rd period - Stopped by Martin Gerber without a rebound.
8:40 of 3rd period - Daymond Langkow wins face-off versus Jason Spezza in Senators zone.
9:24 of 3rd period - Daymond Langkow is hit by Mike Fisher and loses puck.
10:53 of 3rd period - Peter Schaefer is hit by Chuck Kobasew and loses puck.
11:09 of 3rd period - Shot by Peter Schaefer.
11:09 of 3rd period - Stopped by Curtis Sanford without a rebound.
11:10 of 3rd period - Antoine Vermette wins face-off versus Joe Nieuwendyk in Flames zone.
11:35 of 3rd period - Shot by Mike Cammalleri.
11:35 of 3rd period - Stopped by Curtis Sanford with a rebound.
11:36 of 3rd period - Shot by Andrej Meszaros.
11:36 of 3rd period - Shot Blocked by Craig Conroy.
11:52 of 3rd period - Off-side.
11:53 of 3rd period - Jarome Iginla wins face-off versus Dany Heatley in neutral zone.
12:43 of 3rd period - Icing by Andrej Meszaros.
12:44 of 3rd period - Jason Spezza wins face-off versus Matthew Lombardi in Senators zone.
12:48 of 3rd period - Off-side.
12:49 of 3rd period - Matthew Lombardi wins face-off versus Jason Spezza in neutral zone.
13:00 of 3rd period - Shot by Matthew Lombardi.
13:00 of 3rd period - Stopped by Martin Gerber with a rebound.
13:23 of 3rd period - Shot by Mike Cammalleri.
13:23 of 3rd period - Stopped by Curtis Sanford with a rebound.
13:47 of 3rd period - Major Penalty to Andrej Meszaros for Kneeing.
13:48 of 3rd period - Craig Conroy wins face-off versus Peter Schaefer in Flames zone.
13:50 of 3rd period - Icing by Alex Tanguay.
13:51 of 3rd period - Peter Schaefer wins face-off versus Craig Conroy in Flames zone.
14:46 of 3rd period - Shot by Jarome Iginla.
14:46 of 3rd period - Stopped by Martin Gerber with a rebound.
14:49 of 3rd period - Shot by Jarome Iginla.
14:49 of 3rd period - Stopped by Martin Gerber with a rebound.
16:13 of 3rd period - Icing by Rhett Warrener.
16:14 of 3rd period - Jason Spezza wins face-off versus Daymond Langkow in Flames zone.
19:26 of 3rd period - Off-side.
19:27 of 3rd period - Daymond Langkow wins face-off versus Dany Heatley in neutral zone.
19:42 of 3rd period - Senators,Martin Gerber is pulled from the net.


Output by the SimonT Hockey Simulator (STHS) for Stephane Roy -- Original Page W3C XHTML 1.0 Valid